 Dungeon Crawl Stone Soup version 0.30.1-6-gbe392663c4 (webtiles) character file.

Game seed: 16738996232201712590

9246 boopmooplesden the Spear-Bearer (level 11, -7/97 HPs)
             Began as a Minotaur Fighter on Sept 22, 2023.
             Was a Priest of Okawaru.
             Mangled by a boulder beetle (19 damage)
             ... on level 9 of the Dungeon.
             The game lasted 00:10:34 (7697 turns).

boopmooplesden the Spear-Bearer (Minotaur Fighter)  Turns: 7697, Time: 00:10:34

Health: -7/97      AC: 16    Str: 35    XL:     11   Next: 20%
Magic:  10/10      EV: 15    Int:  5    God:    Okawaru [***...]
Gold:   497        SH:  5    Dex:  9    Spells: 10/10 levels left

rFire   . . .        a - +1 trident (venom)
rCold   . . .        c - +0 buckler
rNeg    + + .        C - +0 plate armour
rPois   .            (helmet restricted)
rElec   .            l - +0 cloak
rCorr   +            (no gloves)
SInv    .            (no boots)
Will    .....        x - amulet of Ignis's Favour {Faith -Cast rN++ rCorr Str+3 Stlth+} Stlth
                     o - +5 ring of evasion
HPRegen 0.36/turn    r - +6 ring of strength
MPRegen 0.12/turn

%: no spellcasting, faith
@: weakened
A: horns 2, retaliatory headbutt
a: Renounce Religion, Heroism


You were on level 9 of the Dungeon.
You worshipped Okawaru.
Okawaru was most pleased with you.
You visited 2 branches of the dungeon, and saw 10 of its levels.
You also visited: Bailey.

You collected 1149 gold pieces.
You spent 652 gold pieces at shops.

Inventory:

Hand Weapons
 a - a +1 trident of venom (weapon)
Missiles
 p - 12 boomerangs (quivered)
Armour
 b - a +0 scale mail
 c - a +0 buckler (worn)
 l - a +0 cloak (worn)
 q - a +0 chain mail
 C - a +0 plate armour (worn)
Jewellery
 k - a ring of ice
 o - a +5 ring of evasion (left hand)
 r - a +6 ring of strength (right hand)
 x - the amulet of Ignis's Favour (around neck) {Faith -Cast rN++ rCorr Str+3 Stlth+}
   (You bought it in a shop on level 2 of the Dungeon)

   [amulet of faith]

   It allows you to gain divine favour quickly.
   Str:       It affects your strength (+3).
   rN:        It greatly protects you from negative energy.
   -Cast:     It prevents spellcasting.
   rCorr:     It protects you from acid and corrosion.
   Stlth:     It makes you more stealthy.
Wands
 d - a wand of polymorph (11)
 e - a wand of paralysis (12)
 D - a wand of acid (5)
Scrolls
 u - 3 scrolls of fear
 v - a scroll of enchant armour {unknown}
 y - 6 scrolls of identify
 z - 2 scrolls of teleportation
 A - a scroll of fog
 B - a scroll of amnesia
 F - a scroll of blinking
Potions
 g - a potion of haste {unknown}
 h - 3 potions of lignification
 i - 2 potions of brilliance
 j - a potion of mutation
 m - 2 potions of resistance
 n - a potion of magic
 s - 5 potions of curing
 t - 2 potions of attraction {unknown}
 w - a potion of cancellation {unknown}
Miscellaneous
 f - a tin of tremorstones (2/2)
 E - a box of beasts


   Skills:
 + Level 9.1 Fighting
 + Level 13.2 Polearms
 + Level 10.5 Armour
 + Level 6.7 Dodging
 + Level 4.0 Stealth
 + Level 8.9 Shields
 + Level 0.1 Evocations


You had 10 spell levels left.
You didn't know any spells.
Your spell library contained the following spells:

 Spells                   Type           Power      Damage    Failure   Level
 Beastly Appendage        Tmut           0%         N/A       97%         1
 Ensorcelled Hibernation  Hex/Ice        0%         N/A       99%         2
 Wereblood                Tmut           0%         N/A       99%         2
 Ozocubu's Armour         Ice            0%         N/A       100%        3
 Spider Form              Tmut/Pois      0%         N/A       100%        3
 Anguish                  Hex/Necr       0%         N/A       100%        4
 Metabolic Englaciation   Hex/Ice        0%         N/A       100%        5
 Summon Ice Beast         Ice/Summ       Unusable   N/A       N/A         4
 Summon Mana Viper        Hex/Summ       Unusable   N/A       N/A         5
 Simulacrum               Ice/Necr       Unusable   N/A       N/A         6
 Monstrous Menagerie      Summ           Unusable   N/A       N/A         7

Dungeon Overview and Level Annotations

Branches:
Dungeon (9/15)             Temple (1/1) D:6          Bailey (visited)
   Lair: D:8-11         Orc: D:9-12

Altars:
Ashenzari
Cheibriados
Dithmenos
Fedhas
Gozag
Hepliaklqana
Kikubaaqudgha
Makhleb
Nemelex Xobeh
Okawaru
Qazlal
Ru
Sif Muna
Trog
Uskayaw
Vehumet
Wu Jian
Xom
Yredelemnul
Zin
The Shining One

Shops:
D:2 =


Innate Abilities, Weirdness & Mutations

You have a pair of horns on your head.
You reflexively headbutt those who attack you in melee.


Message History

The wyvern is severely wounded.
The wyvern closely misses you.
You closely miss the wyvern.
The wyvern is severely wounded.
The wyvern bites you but does no damage.
You block the boulder beetle's attack.
You closely miss the wyvern. Your headbutt misses the wyvern.
The wyvern is severely wounded.
The wyvern closely misses you. The boulder beetle bites you!
You hit the wyvern.
The wyvern is poisoned.
The wyvern is severely wounded.
The wyvern barely misses you. You furiously retaliate!
You headbutt the wyvern. The wyvern closely misses you.
You puncture the wyvern!
You kill the wyvern!
Okawaru accepts your kill. The boulder beetle bites you!
The boulder beetle leaps!
The boulder beetle curls into a ball and begins rolling!
The boulder beetle hits you!!!
* * * LOW HITPOINT WARNING * * *
The boulder beetle stops rolling and uncurls.
You hear a shout!
You hit the boulder beetle.
The boulder beetle is poisoned.
The boulder beetle is lightly wounded.
A gnoll bouda comes into view. It is wielding a +0 club.
The boulder beetle bites you!
* * * LOW HITPOINT WARNING * * *
You hit the boulder beetle but do no damage.
The boulder beetle looks as sick as possible!
The boulder beetle is lightly wounded.
You hit the boulder beetle but do no damage.
The boulder beetle is lightly wounded.
The gnoll bouda gazes fiercely through you!
You feel your attacks grow feeble. You block the boulder beetle's attack.
You barely miss the boulder beetle.
The boulder beetle is lightly wounded.
The boulder beetle bites you!!
You die...

# . . . #.## ##.# ##. .##
.g#.. ###...#.. ... #
........# #B# #. ........
#.# ###@### #.
......#.##. #.....# .##
.....####...##.....##...#
....##?.. #.W...#.....#
.....####...##.....##...#
......#.##.# #.....# .##
###......#.# ###.### #.
##..#.##)# ##.## #.
##....######)..#### #


You could see a boulder beetle (extremely poisoned), a wraith and a gnoll bouda.

Vanquished Creatures
  A two-headed ogre (D:9)
  An ugly thing (D:9)
  The ghost of middlethird the Grave Robber, a novice FoNe (D:4)
  A slime creature (D:9)
  A shadow (D:7)
  A wraith (D:9)
  A wyvern (D:9)
  11 yaks (D:9)
  A steam dragon (D:7)
  A water moccasin (D:8)
  7 orc warriors
  3 sky beasts
  5 ogres
  2 black bears (D:5)
  2 centaurs
  A phantom (D:7)
  9 kobold brigands
  A bullfrog (D:8)
  3 scorpions
  5 killer bees (D:8)
  3 howler monkeys
  4 orc priests
  3 hounds
  A gnoll bouda (D:8)
  2 iguanas
  9 orc wizards
  5 gnolls (D:8)
  5 adders
  2 white imps
  A howler monkey simulacrum (D:9)
  An ufetubus (D:6)
  2 dart slugs
  26 orcs
  6 endoplasms
  4 giant cockroaches
  7 goblins
  7 hobgoblins
  2 jackals (D:3)
  26 kobolds
  2 quokkas (D:1)
  3 ball pythons (D:1)
  4 bats
  5 frilled lizards
  7 rats
195 creatures vanquished.

Notes
Turn   | Place    | Note
-------+----------+-------------------------------------------
     0 | D:1      | boopmooplesden the Minotaur Fighter began the quest for the
                  | Orb.
     0 | D:1      | Reached XP level 1. HP: 19/19 MP: 0/0
   115 | D:1      | Reached XP level 2. HP: 27/27 MP: 1/1
   318 | D:1      | Reached skill level 3 in Polearms
   530 | D:1      | Reached XP level 3. HP: 33/33 MP: 2/2
  1048 | D:2      | Found a sparkling altar of Nemelex Xobeh.
  1297 | D:2      | Found Ovu Hatzi's Jewellery Boutique.
  1497 | D:3      | Reached XP level 4. HP: 41/41 MP: 3/3
  1504 | D:3      | Reached skill level 4 in Polearms
  1948 | D:3      | Found an ornate altar of the Wu Jian Council.
  1963 | D:3      | Reached XP level 5. HP: 45/47 MP: 4/4
  2397 | D:4      | Reached skill level 1 in Dodging
  2444 | D:4      | Noticed an ogre
  2451 | D:4      | Killed an ogre
  2452 | D:4      | Reached skill level 5 in Polearms
  2452 | D:4      | Reached skill level 5 in Shields
  2452 | D:4      | Reached XP level 6. HP: 53/53 MP: 5/5
  2643 | D:4      | Found a runed translucent door.
  2645 | D:4      | Noticed middlethird's ghost (novice FoNe)
  2715 | D:4      | Killed middlethird's ghost
  2716 | D:4      | Reached skill level 5 in Fighting
  2716 | D:4      | Reached skill level 6 in Polearms
  2716 | D:4      | Reached skill level 5 in Armour
  2716 | D:4      | Reached XP level 7. HP: 49/61 MP: 6/6
  3332 | D:5      | Entered Level 5 of the Dungeon
  3621 | D:5      | Reached skill level 7 in Polearms
  3650 | D:5      | Reached XP level 8. HP: 64/69 MP: 7/7
  3735 | D:5      | Reached skill level 8 in Polearms
  3765 | D:5      | Found a snail-covered altar of Cheibriados.
  4188 | D:6      | Found a staircase to the Ecumenical Temple.
  4349 | D:6      | Reached skill level 9 in Polearms
  4427 | D:6      | Found a shimmering altar of Xom.
  4803 | D:6      | Reached skill level 11 in Polearms
  4803 | D:6      | Reached XP level 9. HP: 81/81 MP: 8/8
  4847 | D:7      | Found a hide-covered altar of Uskayaw.
  4908 | D:7      | Reached XP level 10. HP: 81/88 MP: 9/9
  4969 | D:7      | Found a flagged portal.
  4979 | Bailey   | Entered a bailey
  5137 | Bailey   | Reached skill level 12 in Polearms
  5137 | Bailey   | Found a burning altar of Makhleb.
  5999 | D:2      | Bought the amulet of Ignis's Favour {Faith -Cast rN++ rCorr
                  | Str+3 Stlth+} for 652 gold pieces
  6141 | Temple   | Entered the Ecumenical Temple
  6189 | Temple   | Became a worshipper of Warmaster Okawaru
  6472 | D:8      | Found a blossoming altar of Fedhas.
  6769 | D:8      | Reached * piety under Okawaru
  7196 | D:8      | Found a shimmering blue altar of Sif Muna.
  7414 | D:9      | Reached skill level 10 in Armour
  7429 | D:9      | Reached ** piety under Okawaru
  7518 | D:9      | Reached XP level 11. HP: 66/95 MP: 10/10
  7609 | D:9      | Noticed a two-headed ogre
  7623 | D:9      | Noticed a cyan ugly thing
  7630 | D:9      | Killed a cyan ugly thing
  7630 | D:9      | Reached *** piety under Okawaru
  7662 | D:9      | Killed a two-headed ogre
  7663 | D:9      | Reached skill level 13 in Polearms
  7676 | D:9      | Noticed a boulder beetle
  7697 | D:9      | Mangled by a boulder beetle

Illustrated notes

Levels and vault maps discovered:
D:1:      shiori_arrival_maze, layout_basic, minmay_vboxes
D:2:      layout_loops_cross, basic_altar, serial_shops, shop
D:3:      layout_loops_ring, nicolae_wu_jian_wuxing_cycle, minivault_14,
          hangedman_decor_push
D:4:      layout_layer_cave, gammafunk_ghost_grave
D:5:      layout_basic, kennysheep_mini_moat
D:6:      layout_basic, general_overflow_altar, minmay_temple_entry_arrows,
          item_on_display_a
D:7:      cheibrodos_quashed, layout_cave_pods, lemuel_crystal_altar,
          enter_bailey_2
D:8:      layout_gridville, led_sif_pool, fedhas_ov_isle_minmay
D:9:      layout_basic, serial_shops, shop, minmay_fractal_squares_gapless_7,
          uniq_pikel
Temple:   hellmonk_temple_of_storms

Skill      XL: |  1  2  3  4  5  6  7  8  9 10 11 |
---------------+----------------------------------+-----
Fighting       | 4 5 8 9 |  9.1
Shields        | 4 5 8 |  8.9
Polearms       | 3 4 5 6 7 11 12 13 | 13.2
Armour         | 4 5 6 9 10 | 10.5
Dodging        | 1 2 6 |  6.7
Stealth        | 3 4 |  4.0
Evocations     | |  0.1

Action                     |  1- 3 |  4- 6 |  7- 9 | 10-12 || total
---------------------------+-------+-------+-------+-------++-------
  Melee: Trident           |   119 |    97 |   120 |   225 ||   561
         Headbutt          |     9 |    13 |    16 |    49 ||    87
  Evoke: Wand              |       |     1 |       |       ||     1
    Use: Scroll            |     3 |     4 |     9 |     1 ||    17
         Potion            |       |     1 |     1 |     1 ||     3
 Armour: Scale mail        |    47 |    38 |    37 |    24 ||   146
         Plate armour      |       |       |       |    27 ||    27
  Dodge: Dodged            |    50 |    54 |    70 |   186 ||   360
  Block: Buckler           |    31 |    12 |    31 |    50 ||   124
